Map: [ESL] Cosmic Sapphire

Players

ShaDoWn - Winner!

  • Race: Protoss Protoss
  • Spawn Location: 5:00

NightPhoenix

  • Race: Protoss Protoss
  • Spawn Location: 11:00

Event: DreamHack SC2 Masters 2022 Valencia

VOD

Have the link to the VOD?

Description

Time

  • Played on: July 1, 2022, 4:53 p.m.
  • Length: 8:12

All games in this series

Show
View Real Time Build Order
Export as new Build Order

ShaDoWn Protoss - Winner!

Build Orders: Oracle Opening, Phoenix Opening 

Get SALT Encoding   

  12  0:00  Probe  
  13  0:12  Probe  
  14  0:17  Pylon  
  14  0:24  Probe  
  15  0:35  Gateway  
  15  0:37  Probe (Chrono Boost)  
  16  0:47  Probe (Chrono Boost), Assimilator  
  17  0:52  Probe (Chrono Boost)  
  18  1:03  Probe (Chrono Boost)  
  19  1:04  Assimilator  
  19  1:11  Gateway  
  19  1:14  Probe (Chrono Boost)  
  20  1:19  Probe (Chrono Boost)  
  20  1:24  Cybernetics Core  
  21  1:29  Probe  
  22  1:34  Pylon  
  22  1:41  Probe  
  23  1:53  Probe  
  24  2:00  Stalker x2  
  28  2:02  Warp Gate  
  28  2:05  Probe  
  29  2:23  Stargate  
  29  2:27  Probe  
  30  2:31  Pylon  
  30  2:50  Nexus  
  30  2:51  Pylon  
  31  2:58  Probe  
  31  3:07  Oracle (Chrono Boost)  
  31  3:10  Probe  
  35  3:20  Shield Battery  
  35  3:25  Robotics Facility  
  35  3:30  Probe  
  33  3:42  Probe  
  32  3:51  Twilight Council  
  32  3:53  Phoenix  
  32  3:54  Probe  
  35  4:02  Stalker  
  35  4:03  Stalker  
  35  4:05  Probe  
  35  4:07  Probe  
  39  4:18  Probe  
  39  4:19  Probe  
  41  4:27  Stalker  
  41  4:30  Probe  
  43  4:31  Probe  
  43  4:42  Probe (Chrono Boost)  
  43  4:44  Probe (Chrono Boost)  
  41  4:49  Blink (Chrono Boost)  
  41  4:53  Probe (Chrono Boost)  
  41  4:55  Probe (Chrono Boost)  
  41  4:58  Probe (Chrono Boost)  
  41  5:02  Probe  
  42  5:08  Probe (Chrono Boost)  
  42  5:11  Stalker  
  42  5:12  Stalker  
  47  5:20  Probe x2 (Chrono Boost)  
  49  5:23  Pylon  
  49  5:26  Probe (Chrono Boost)  
  49  5:27  Probe (Chrono Boost)  
  51  5:36  Probe  
  51  5:38  Pylon, Probe  
  51  5:40  Gateway  
  53  5:48  Probe  
  53  5:49  Assimilator  
  54  5:50  Probe  
  55  5:57  Assimilator  
  55  5:59  Stalker  
  55  6:00  Probe  
  55  6:01  Stalker, Dark Shrine  
  55  6:02  Probe  
  61  6:12  Probe  
  61  6:15  Probe  
  61  6:17  Shield Battery  
  63  6:24  Probe  
  63  6:25  Stalker x2  
  62  6:37  Probe  
  62  6:43  Probe  
  62  6:45  Stalker  
  61  6:50  Probe  
  61  6:53  Stalker x2  
  67  7:04  Pylon  
  66  7:10  Stalker  
  68  7:18  Dark Templar  
  70  7:23  Dark Templar  
  72  7:33  Stalker  
  72  7:34  Cybernetics Core  
  72  7:36  Nexus, Phoenix  
  74  7:47  Probe  
  75  7:53  Gateway, Dark Templar  
  75  7:55  Pylon  
  76  8:02  Dark Templar  
Show
View Real Time Build Order
Export as new Build Order

NightPhoenix Protoss 

Build Orders: Oracle Opening 

Get SALT Encoding   

  12  0:00  Probe  
  13  0:12  Probe  
  14  0:16  Pylon  
  14  0:24  Probe (Chrono Boost)  
  15  0:36  Probe (Chrono Boost), Gateway  
  16  0:44  Probe (Chrono Boost)  
  16  0:48  Assimilator  
  17  0:51  Probe  
  17  0:55  Assimilator  
  18  1:03  Probe (Chrono Boost)  
  19  1:07  Gateway  
  19  1:15  Probe (Chrono Boost)  
  20  1:21  Probe (Chrono Boost)  
  20  1:24  Cybernetics Core  
  21  1:29  Probe  
  22  1:34  Pylon  
  22  1:41  Probe  
  23  1:53  Probe  
  24  2:03  Adept x2  
  24  2:04  Warp Gate  
  24  2:08  Probe  
  29  2:16  Pylon  
  29  2:26  Stargate  
  29  2:35  Adept x2  
  33  2:41  Pylon  
  33  3:05  Adept x2  
  37  3:08  Oracle (Chrono Boost)  
  38  3:34  Shield Battery  
  33  3:51  Nexus  
  33  3:56  Stalker x2  
  37  4:03  Probe  
  37  4:04  Twilight Council  
  38  4:15  Probe  
  38  4:17  Gateway  
  39  4:27  Probe  
  40  4:37  Blink (Chrono Boost)  
  38  4:39  Probe  
  39  4:52  Probe  
  38  4:59  Stalker x2  
  40  5:02  Probe  
  40  5:04  Pylon  
  40  5:06  Probe  
  41  5:10  Probe  
  41  5:14  Probe  
  42  5:16  Stalker  
  42  5:18  Probe  
  46  5:23  Probe  
  48  5:33  Gateway  
  48  5:36  Probe x2  
  48  5:38  Stalker  
  48  5:42  Stalker  
  54  5:46  Shield Battery  
  54  5:52  Stalker  
  54  5:55  Probe x2  
  58  6:00  Gateway  
  58  6:11  Stalker x2  
  52  6:44  Stalker x4  
  54  6:54  Probe x2  
  54  6:59  Stalker, Gateway  
  56  7:02  Gateway  
  56  7:07  Stalker x3  
  56  7:08  Stalker  
  64  7:23  Assimilator  
  64  7:25  Assimilator  
  64  7:30  Stalker x3  
  64  7:35  Pylon  
  70  7:39  Pylon  
  64  7:48  Stalker  
  64  7:49  Stalker, Probe x2  
  70  7:55  Pylon  
  70  7:56  Stalker x3  
  76  8:02  Stalker  

Tags
 
Add a new tag
Caveats
  • Supply blocks, unpowered buildings, or Contaminate may cause inaccurate times.
  • Supply counts are checked every 10 seconds.